 Dungeon Crawl Stone Soup version 0.28-a0-533-g9f97627e2a (webtiles) character file.

Game seed: 15624012870200996638

40 omnomnOMINOUS the Grasshopper (level 3, 0/24 HPs)
             Began as an Octopode Wanderer on Sept 25, 2021.
             Was an Initiate of Ru.
             Slain by an orc (6 damage)
             ... on level 2 of the Dungeon.
             The game lasted 00:03:50 (1304 turns).

omnomnOMINOUS the Grasshopper (Octopode Wanderer)   Turns: 1304, Time: 00:03:51

Health: 0/24       AC:  1    Str: 12    XL:     3   Next: 50%
Magic:  3/4        EV: 13    Int: 14    God:    Ru [......]
Gold:   65         SH:  0    Dex: 11    Spells: 2/3 levels left

rFire   . . .      SeeInvis .   a - +0 mace
rCold   . . .      Faith    .   (no shield)
rNeg    . . .      Spirit   .   (helmet restricted)
rPois   .          Reflect  .   (no amulet)
rElec   .          Harm     .   (no ring)
rCorr   .          Rampage  .   (no ring)
Will    .....                   (no ring)
Stlth   +++.......              (no ring)
HPRegen 0.08/turn               (no ring)
MPRegen 0.09/turn               (no ring)
                                (no ring)
                                (no ring)

@: no status effects
A: almost no armour, amphibious, 8 rings, camouflage 1, gelatinous body 1,
(nimble swimmer 1), tentacles
a: Renounce Religion


You were on level 2 of the Dungeon.
You worshipped Ru.
Ru was noncommittal.
You visited 1 branch of the dungeon, and saw 2 of its levels.

You collected 65 gold pieces.

Inventory:

Hand Weapons
 a - a +0 mace (weapon)
 d - a +2 vorpal hunting sling
Missiles
 e - 2 stones
Scrolls
 f - a scroll of vulnerability {unknown}
 g - a scroll of identify {unknown}
 h - a scroll of enchant weapon {unknown}
 i - 3 scrolls of blinking {unknown}
Potions
 b - a potion of lignification
 c - a potion of cancellation {unknown}


   Skills:
 + Level 2.2 Fighting
 - Level 1.0 Maces & Flails
 + Level 2.2 Dodging
 - Level 1.3 Stealth
 + Level 0.6 Spellcasting
 - Level 3.0 Translocations
 + Level 2.8 Poison Magic
 - Level 1.1 Evocations


You had 2 spell levels left.
You knew the following spells:

 Your Spells              Type           Power      Damage    Failure   Level
a - Sting                 Tmut/Pois      16%        1d3       16%         1

Your spell library contained the following spells:

 Spells                   Type           Power      Damage    Failure   Level
 Poisonous Vapours        Pois/Air       8%         N/A       22%         2
 Animate Skeleton         Necr           0%         N/A       26%         1
 Pain                     Necr           0%         1d4       26%         1
 Mephitic Cloud           Conj/Pois/Air  3%         N/A       50%         3
 Vampiric Draining        Necr           0%         2d6       63%         3
 Olgreb's Toxic Radiance  Pois           8%         N/A       63%         4


Dungeon Overview and Level Annotations

Branches:
Dungeon (2/15)

Altars:
Ru


Innate Abilities, Weirdness & Mutations

You cannot wear most types of armour.
You are amphibious.
You can wear up to eight rings at the same time.
Your skin changes colour to match your surroundings (Stealth+).
Your rubbery body absorbs attacks. (AC +1, EV +1)
((You are camouflaged near water. (Stealth+)))
You have tentacles for arms and can constrict up to eight enemies at once.


Message History

You sock the orc! You grab the orc.
The orc is almost dead.
You constrict the orc, but do no damage.
The orc closely misses you.
You sock the orc!
You kill the orc!
You barely miss the orc. Your grab misses the orc. You squeeze the orc.
The orc is almost dead.
The orc hits you with a +0 club. x2
You hit the orc.
You kill the orc!
The orc barely misses you.
You thump the orc!
You kill the orc!
You barely miss the orc. You grab the orc.
You constrict the orc, but do no damage.
The orc hits you with a +0 mace!
* * * LOW HITPOINT WARNING * * *
The orc closely misses you.
You are too injured to fight recklessly!
You are too injured to fight recklessly!
You are too injured to fight recklessly!
You are too injured to fight recklessly!
You are too injured to fight recklessly!
You are too injured to fight recklessly!
You are too injured to fight recklessly!
You are too injured to fight recklessly!
You are too injured to fight recklessly!
You are too injured to fight recklessly!
You are too injured to fight recklessly!
You are too injured to fight recklessly!
You are too injured to fight recklessly!
You are too injured to fight recklessly!
You are too injured to fight recklessly!
Unknown command.
You hit the orc.
The orc is lightly wounded.
You constrict the orc, but do no damage.
The orc hits you with a +0 mace.
You die...

#### ##### ..# ....#
#.####### ##..#.#
#####..#....######.....#
#....#.#.##.##.@ow.<...#
#.##.#.#.##.##.##...#..$.#
##)#.......#....##.....####
...#.#.#.#########.#.#....
####)#....### #.#.#.##. #
#..##.....# #...# .
###..##.#.#.# ##### ##
...>......#.# .....##.#...#


You could see a dart slug and an orc.

Vanquished Creatures
  4 orcs (D:2)
  3 ball pythons (D:1)
  6 endoplasms
  2 giant cockroaches
  A goblin (D:2)
  4 hobgoblins (D:1)
  4 kobolds
  2 bats (D:1)
  3 frilled lizards (D:1)
  3 rats (D:1)
32 creatures vanquished.

Vanquished Creatures (others)
  2 plants (D:1)
2 creatures vanquished.

Grand Total: 34 creatures vanquished

Notes
Turn   | Place    | Note
-------+----------+-------------------------------------------
     0 | D:1      | omnomnOMINOUS the Octopode Wanderer began the quest for the
                  | Orb.
     0 | D:1      | omnomnOMINOUS set off with the following items: a +0 mace,
                  | a potion of lignification; and the following spell
                  | memorised: Sting; and the following spells available to
                  | memorise: Poisonous Vapours, Mephitic Cloud, Olgreb's Toxic
                  | Radiance
     0 | D:1      | Reached XP level 1. HP: 14/14 MP: 1/1
    35 | D:1      | Reached skill level 1 in Dodging
   247 | D:1      | Reached XP level 2. HP: 19/19 MP: 2/2
   266 | D:1      | Found a faded altar of an unknown god.
   294 | D:1      | Became a worshipper of Ru the Awakened
   668 | D:1      | Reached XP level 3. HP: 18/24 MP: 3/3
  1304 | D:2      | Slain by an orc

Illustrated notes

Levels and vault maps discovered:
D:1:      dpeg_arrival_rooms_with_view, layout_rooms,
          shapermc_ecumenical_altar_gd, serial_bayou, serial_bayou_lagoon_b,
          serial_bayou_lagoon_a, serial_bayou_pond_a, serial_bayou_crossing,
          serial_bayou_shore_b
D:2:      layout_basic

Skill      XL: |  1  2 |
---------------+-------+-----
Dodging        | 1 2 |  2.2
Fighting       | |  2.2
Maces & Flails | |  1.0
Stealth        | |  1.3
Spellcasting   | |  0.6
Translocations | |  3.0
Poison Magic   | |  2.8
Evocations     | |  1.1

Action                   || total
-------------------------++-------
Melee: Mace              ||    59
       Constrict         ||    15
       Tentacles         ||     7
Invok: Reject Sacrifices ||     1
 Stab: Sleeping          ||     9
Armor: Skin              ||     3
Dodge: Dodged            ||    35

Table legend: (Time is in decaauts)
 A = Elapsed time spent in this place.
 B = Non-inter-level travel time spent in this place.
 C = Inter-level travel time spent in this place.
 D = Time resting spent in this place.
 E = Time spent auto-exploring this place.
 F = Levels seen in this place.
 G = Mean time per level.
                   A        B        C        D        E       F      G
               +--------+--------+--------+--------+--------+-----+--------+
         Total |   1324 |   1308 |     16 |    182 |    900 |   2 |  662.0 |
       Dungeon |   1324 |   1308 |     16 |    182 |    900 |   2 |  662.0 |
               +--------+--------+--------+--------+--------+-----+--------+

Top non-repeatable levels by time:
     D:1: 1008 daAuts
     D:2: 315 daAuts
